 Dungeon Crawl Stone Soup version 0.21.1-1-g345015f (webtiles) character file.

280757 manyhoops the Warrior (level 20, -21/147 HPs)
             Began as a Gnoll Wanderer on Mar 25, 2018.
             Was an Initiate of Gozag.
             Killed from afar by a tengu reaver (62 damage)
             ... with a fireball
             ... on level 2 of the Vaults on Mar 27, 2018.
             The game lasted 02:12:17 (46876 turns).

manyhoops the Warrior (Gnoll Wanderer)             Turns: 46876, Time: 02:12:18

Health: -21/147    AC: 22    Str: 20    XL:     20   Next: 48%
Magic:  4/38       EV: 30    Int: 27    God:    Gozag
Gold:   3844       SH: 11    Dex: 19    Spells: 12/47 levels left

rFire    . . .     SeeInvis .   E - +9 dagger of Bread {pierce, rC+++ rN++ Str-2}
rCold    + + +     Gourm    .   b - +3 buckler {rF+}
rNeg     + + .     Faith    .   N - +4 acid dragon scales "Dyevvowu" {rElec rCorr Int+2}
rPois    +         Spirit   .   e - +3 helmet "Affewil" {rF- rC- rCorr Dex+8}
rElec    +         Reflect  .   J - scarf {rC+ rF+}
rCorr    +         Harm     .   j - +0 pair of gloves {Str+3}
MR       ++...     NoTele   +   c - +2 pair of boots {Stlth+}
Stlth    +++++++...             a - amulet "Pakkec" {-Tele MR+ Regen+ Slay+4}
HPRegen  0.74/turn              h - ring of Phasing {EV+8}
MPRegen  0.26/turn              B - ring of Ucrel {rPois rF- rC+ Int+6 Slay+5}

@: no status effects
A: distributed training, fangs 1, yellow scales 1, blink, clumsy 2, cold
resistance 2, deformed body, frail 1, strong nose
}: 2/15 runes: decaying, serpentine
a: Blink, Potion Petition, Call Merchant, Bribe Branch, Renounce Religion


You were on level 2 of the Vaults.
You worshipped Gozag.
Gozag was most pleased with you.
You were not hungry.

You visited 8 branches of the dungeon, and saw 39 of its levels.
You also visited: Sewer, Ossuary and Ice Cave.

You collected 15027 gold pieces.
You spent 7617 gold pieces at shops.
You paid 3566 gold pieces to Gozag.

Inventory:

Hand Weapons
 o - a +0 trident
 E - the +9 dagger of Bread (weapon) {pierce, rC+++ rN++ Str-2}
   (You bought it in a shop on level 11 of the Dungeon)

   It inflicts extra damage upon your enemies.
   It affects your strength (-2).
   It renders you almost immune to cold.
   It greatly protects you from negative energy.
Missiles
 u - a throwing net (quivered)
Armour
 b - a +3 buckler of fire resistance (worn)
 c - a +2 pair of boots of stealth (worn)
 e - the +3 helmet "Affewil" (worn) {rF- rC- rCorr Dex+8}
   (You bought it in a shop on level 11 of the Dungeon)

   It affects your dexterity (+8).
   It makes you vulnerable to fire.
   It makes you vulnerable to cold.
   It protects you from acid and corrosion.
 j - a +0 pair of gloves of strength (worn)
 J - a scarf of resistance (worn)
 N - the +4 acid dragon scales "Dyevvowu" (worn) {rElec rCorr Int+2}
   (You took it off an orc warrior on level 10 of the Dungeon)

   It affects your intelligence (+2).
   It insulates you from electricity.
   It protects you from acid and corrosion.
Jewellery
 a - the amulet "Pakkec" (around neck) {-Tele MR+ Regen+ Slay+4}
   (You took it off an orc on level 10 of the Dungeon)

   [amulet of regeneration]

   It affects your accuracy and damage with ranged weapons and melee attacks
   (+4).
   It affects your resistance to hostile enchantments.
   It prevents most forms of teleportation.
   It increases your rate of regeneration.
 h - the ring of Phasing (left hand) {EV+8}
   (You bought it in a shop on level 1 of the Snake Pit)

   [ring of evasion]

   It affects your evasion (+8).
 w - the ring of Fuweymnofu {rF+ Str+5 Dex+4 Stlth+}
   (You bought it in a shop on level 4 of the Snake Pit)

   [ring of dexterity]

   It affects your strength (+5).
   It affects your dexterity (+4).
   It protects you from fire.
   It makes you more stealthy.
 B - the ring of Ucrel (right hand) {rPois rF- rC+ Int+6 Slay+5}
   (You bought it in a shop on level 1 of the Snake Pit)

   [ring of protection from cold]

   It affects your intelligence (+6).
   It affects your accuracy and damage with ranged weapons and melee attacks
   (+5).
   It makes you vulnerable to fire.
   It protects you from cold.
   It protects you from poison.
 D - a +4 amulet of reflection
 G - the ring of Junuh {rPois EV+2 Str+4 Int-3 Stlth+}
   (You found it in an ice cave)

   [ring of evasion]

   It affects your evasion (+2).
   It affects your strength (+4).
   It affects your intelligence (-3).
   It protects you from poison.
   It makes you more stealthy.
 U - an uncursed ring of resist corrosion
Wands
 g - a wand of disintegration (33)
 n - a wand of scattershot (6)
 p - a wand of iceblast (4)
 t - a wand of clouds (2)
 A - a wand of enslavement (45)
 H - a wand of flame (36)
 K - a wand of acid (12)
 L - a wand of paralysis (75)
 V - a wand of digging (12)
Scrolls
 l - 2 scrolls of summoning
 m - 4 scrolls of teleportation
 s - 3 scrolls of identify
 y - a scroll of blinking
 z - a scroll of silence
 F - 14 scrolls of remove curse
 I - 4 scrolls of vulnerability
 M - 8 scrolls of immolation
 R - 3 scrolls of fog
 X - 3 scrolls of enchant armour
 Y - 2 scrolls of fear
Potions
 d - 5 potions of brilliance
 k - 3 potions of resistance
 q - 4 potions of cancellation
 r - 2 potions of berserk rage
 v - 2 potions of ambrosia
 x - 3 potions of curing
 C - 5 potions of heal wounds
 O - 3 potions of agility
 P - 2 potions of magic
 S - a potion of invisibility
 T - 5 potions of flight
 W - 3 potions of haste
 Z - a potion of might
Miscellaneous
 i - a crystal ball of energy
 Q - a fan of gales
Comestibles
 f - 6 rations


   Skills:
 + Level 16.0 Fighting
 + Level 13.2 Short Blades
 + Level 13.2 Long Blades
 + Level 13.2 Axes
 + Level 13.2 Maces & Flails
 + Level 13.2 Polearms
 + Level 13.2 Staves
 + Level 13.2 Slings
 + Level 13.2 Bows
 + Level 13.2 Crossbows
 + Level 13.4 Throwing
 + Level 13.2 Armour
 + Level 13.2 Dodging
 + Level 14.3 Stealth
 + Level 13.4 Shields
 + Level 13.2 Unarmed Combat
 + Level 14.0 Spellcasting
 + Level 11.3 Conjurations
 + Level 11.3 Hexes
 + Level 11.3 Charms
 + Level 11.3 Summonings
 + Level 11.3 Necromancy
 + Level 11.3 Translocations
 + Level 11.3 Transmutations
 + Level 11.3 Fire Magic
 + Level 11.3 Ice Magic
 + Level 11.3 Air Magic
 + Level 11.5 Earth Magic
 + Level 11.3 Poison Magic
 + Level 14.2 Invocations
 + Level 13.2 Evocations


You had 12 spell levels left.
You knew the following spells:

 Your Spells              Type           Power        Failure   Level  Hunger
a - Corona                Hex            ######.      1%          1    None
b - Ensorcelled Hibernat  Hex/Ice        ######       1%          2    None
c - Conjure Flame         Conj/Fire      ######..     1%          3    None
d - Stone Arrow           Conj/Erth      ######       1%          3    None
e - Confuse               Hex            ######..     1%          3    None
f - Swiftness             Chrm/Air       ######..     1%          2    None
g - Sandblast             Erth           ######       1%          1    None
h - Blink                 Tloc           N/A          1%          2    None
i - Mephitic Cloud        Conj/Pois/Air  ######..     1%          3    None
j - Bolt of Magma         Conj/Fire/Erth ######....   1%          5    ##.....
k - Iron Shot             Conj/Erth      ######....   4%          6    ####...
l - Passage of Golubria   Tloc           N/A          1%          4    None


Dungeon Overview and Level Annotations

Branches:
Dungeon (15/15)            Temple (1/1) D:7            Lair (6/6) D:10
  Swamp (4/4) Lair:2        Snake (4/4) Lair:2        Slime (5/5) Lair:6
    Orc (2/2) D:9             Elf (0/3) Orc:2        Vaults (2/5) D:14
  Crypt (0/3) Vaults:2     Depths (0/5) D:15

Altars:
Ashenzari
Cheibriados
Dithmenos
Elyvilon
Fedhas
Gozag
Hepliaklqana
Kikubaaqudgha
Makhleb
Nemelex Xobeh
Okawaru
Qazlal
Ru
Sif Muna
Trog
Uskayaw
Vehumet
Wu Jian
Xom
Yredelemnul
Zin
The Shining One
Beogh
Jiyva

Shops:
D:10 *   D:11 *   D:12 =   Orc:2 =[((?(   Lair:5 [   Snake:1 =   Snake:4 }!=}

Annotations:
D:5 Menkaure
Lair:3 exclusion: 3 oklob plants
Snake:1 exclusion: Roxanne, Roxanne
Slime:5 Royal Jelly


Innate Abilities, Weirdness & Mutations

Your experience applies equally to all skills.
You have very sharp teeth.
Your uncanny sense of smell can sniff out nearby items.
You are partially covered in yellow scales. (AC +2)
You can translocate small distances at will.
You are very clumsy. (Dex -4)
Your flesh is very cold resistant. (rC++)
Armour fits poorly on your strangely shaped body.
You are frail. (-10% HP)


Message History

The tengu reaver pecks you.
* * * LOW HITPOINT WARNING * * *
The tengu reaver claws you but does no damage.
The tengu reaver hits you with a dire flail!
* * * LOW HITPOINT WARNING * * *
You block the tengu reaver's attack.
The tengu reaver claws you but does no damage.
The naga mage shouts!
Things that are here:
12 gold pieces; a dagger of venom; a shimmering robe You cannot teleport because you are wearing the amulet "Pakkec" {-Tele MR+ Regen+ Slay+4}.
The naga mage completely misses you. The naga mage spits poison at you.
The splash of poison misses you. The tengu reaver closely misses you.
The tengu reaver pecks you but does no damage.
The tengu reaver barely misses you. The tengu reaver casts a spell at you.
The fireball explodes!
The fireball engulfs you!
You die...
Your body crumbles into a pile of gold.

#.....##.[[# #...# ∆∆
#.....##[..####'### ∆
#.....##...##.....##. ∆
#.....#####'.......'#
#.....## ##....⌠$.$.##
#...*..# #.$...$....$##
#......#....N⌠...⌠.....
#......###.....).....##
#.....@####....⌠....###
#.......####.......####
#.......Q####...$.####.
#........N#######'###..
#...............$......
#......................
#######################


You could see a tengu reaver, a naga mage and a battlesphere.

Vanquished Creatures
  the Lernaean hydra (Swamp:4)
  A lich (Vaults:2)
  3 acid blobs
  A sphinx (Vaults:1)
  7 nagarajas (Snake:4)
  5 azure jellies
  3 vault wardens (Vaults:1)
  An orc warlord (Orc:2)
  A ghoul (Vaults:1)
  Aizul (Snake:1)
  3 ironheart preservers
  3 very ugly things (Vaults:1)
  Nessos (Lair:6)
  Azrael (D:14)
  An eidolon (Vaults:2)
  A deep elf death mage (Vaults:2)
  An ettin (D:15)
  A death ooze (Slime:1)
  Snorg (Lair:6)
  A fire dragon (Vaults:1)
  Josephine (Orc:2)
  8 ogre magi
  2 vault guards (Vaults:1)
  2 yaktaur captains
  3 great orbs of eyes
  3 ice dragons
  18 hydras
  2 ghost crabs
  10 naga warriors
  A rakshasa (Vaults:1)
  2 catoblepae
  7 centaur warriors
  8 alligators
  7 anacondas
  3 death knights (Vaults:1)
  21 two-headed ogres
  3 tengu warriors
  6 shock serpents
  The ghost of xccam the Basher, a novice FoFi of Cheibriados (D:8)
  4 orc high priests (Orc:2)
  16 naga sharpshooters
  The ghost of Monsterracer the Martial Artist, a novice OpMo of Kikubaaqudgha (D:9)
  A deep elf knight (D:14)
  Sonja (Lair:4)
  The ghost of vatarom the Arsonist, a novice DsFE of Vehumet (D:7)
  8 skeletal warriors
  2 salamander mystics (Snake:3)
  3 spriggan druids
  6 unseen horrors
  6 sea snakes (Snake:1)
  10 swamp dragons
  A deep troll (D:15)
  2 shambling mangroves (Swamp:3)
  4 wizards
  8 harpies
  A deep elf archer (Vaults:1)
  A necromancer (Vaults:2)
  The ghost of xccam the Carver, a novice DrBe of Trog (D:6)
  A wolf spider zombie (D:15)
  11 naga ritualists
  12 orc knights
  2 wolf spiders (Vaults:1)
  5 ironbrand convokers
  2 phantasmal warriors
  8 orc sorcerers
  10 deep elf magi
  6 cyclopes
  2 manticores (D:15)
  11 mana vipers
  11 salamanders
  9 ugly things
  4 vault sentinels
  Psyche (D:9)
  3 elephants
  Maurice (D:9)
  A guardian serpent (Snake:3)
  38 black mambas
  10 spiny frogs
  21 naga magi
  A torpor snail (Lair:2)
  2 gargoyles (D:15)
  2 ice statues (IceCv)
  6 centaur skeletons
  A freezing wraith (Vaults:1)
  A kobold demonologist (D:15)
  3 rime drakes
  2 efreet (D:15)
  6 komodo dragons
  15 yaktaurs
  A harpy zombie (D:15)
  3 meliai (D:12)
  2 polar bears (Lair:6)
  15 hornets
  10 trolls
  7 tyrant leeches
  29 blink frogs
  A hornet (shapeshifter) (Vaults:1)
  Grinder (D:5)
  31 slime creatures
  7 hippogriffs
  6 bog bodies
  A meliai zombie (D:12)
  6 dream sheep
  The ghost of nuthulu the Shield-Bearer, an amateur GrFi (D:3)
  7 wraiths
  18 spriggans
  2 wyverns
  A redback (shapeshifter) (D:15)
  4 shadows
  An orc simulacrum (Vaults:1)
  27 yaks
  A vampire (D:11)
  4 basilisks
  2 fire elementals (D:14)
  4 golden eyes (Slime:3)
  A steam dragon (D:10)
  Eustachio (D:4)
  A hungry ghost (D:8)
  A golden eye (shapeshifter) (Vaults:1)
  4 wargs
  21 vampire mosquitoes
  20 insubstantial wisps
  53 nagas
  11 swamp worms
  2 acid dragons
  4 hell hounds (D:14)
  8 water moccasins
  5 porcupines
  5 sky beasts
  22 ice beasts
  6 black bears
  16 swamp drakes
  42 orc warriors
  35 wolves
  3 eyes of draining
  30 ogres
  A phantom (D:9)
  9 boggarts
  8 crocodiles
  27 centaurs
  14 big kobolds
  29 bullfrogs
  A wyvern zombie (D:7)
  A wyvern skeleton (D:14)
  7 scorpions
  A water moccasin skeleton (D:6)
  14 wights
  9 killer bees (D:10)
  7 electric eels (Snake:1)
  3 howler monkeys (D:11)
  A bullfrog zombie (D:11)
  6 crimson imps
  A quasit (D:11)
  29 orc priests
  8 hounds
  2 jellies
  4 bullfrog skeletons
  5 centaur zombies
  A human zombie (Ossuary)
  19 orc wizards
  2 iguanas
  13 worker ants
  Terence (D:3)
  A big kobold zombie (Ossuary)
  A hound skeleton (D:10)
  2 mummies (Ossuary)
  A worker ant zombie (D:6)
  3 howler monkey skeletons
  12 adders
  4 gnolls (D:2)
  2 river rats (Sewer)
  4 shadow imps
  5 oozes
  6 worms
  An adder skeleton (D:8)
  An adder zombie (Ossuary)
  3 dart slugs (D:1)
  2 leopard geckos
  126 orcs
  A bat zombie (D:4)
  3 giant cockroaches
  3 hobgoblins (D:1)
  5 jackals
  17 kobolds
  2 quokkas
  3 ball pythons
  13 bats
  6 frilled lizards
  7 goblins
  3 goblin zombies (Ossuary)
  8 hobgoblin zombies (Ossuary)
  A jackal zombie (Ossuary)
  11 kobold zombies (Ossuary)
  A leopard gecko skeleton (D:5)
  2 leopard gecko zombies
  9 orc zombies (Ossuary)
  A quokka zombie (D:10)
  8 rats
  A rat zombie (D:4)
1416 creatures vanquished.

Vanquished Creatures (collateral kills)
  Rupert (Snake:1)
  2 nagarajas (Snake:4)
  A naga warrior (Snake:4)
  2 two-headed ogres (D:10)
  A naga sharpshooter (Snake:4)
  A naga ritualist (Snake:4)
  A mana viper (Snake:4)
  6 naga magi (Snake:4)
  2 nagas (Snake:4)
  A worker ant zombie (D:9)
18 creatures vanquished.

Vanquished Creatures (others)
  A naga mage (Vaults:2)
  A dancing weapon (D:9)
  A centaur (Vaults:1)
  An orc (D:13)
  10 fungi (Lair:6)
  8 plants
22 creatures vanquished.

Grand Total: 1456 creatures vanquished

Notes
Turn   | Place    | Note
-------+----------+-------------------------------------------
     0 | D:1      | Reached skill level 10 in Fighting
     0 | D:1      | manyhoops the Gnoll Wanderer began the quest for the Orb.
     0 | D:1      | manyhoops set off with: a +2 spear, a +0 mace, Sif Muna's Catalogue of the Rocks, a +0 robe, a ration
     0 | D:1      | Reached XP level 1. HP: 28/28 MP: 6/6
     0 | D:1      | Identified Sif Muna's Catalogue of the Rocks
     2 | D:1      | Learned a level 1 spell: Sandblast
   129 | D:1      | Reached XP level 2. HP: 36/36 MP: 7/7
   372 | D:1      | Reached skill level 5 in Spellcasting
   372 | D:1      | Reached XP level 3. HP: 42/42 MP: 7/9
   521 | D:1      | Found a sparkling altar of Nemelex Xobeh.
   796 | D:2      | Reached skill level 1 in Invocations
   867 | D:2      | Found a transporter.
   882 | D:2      | Reached skill level 1 in Short Blades
   882 | D:2      | Reached skill level 1 in Long Blades
   882 | D:2      | Reached skill level 1 in Axes
   882 | D:2      | Reached skill level 1 in Maces & Flails
   882 | D:2      | Reached skill level 1 in Polearms
   882 | D:2      | Reached skill level 1 in Staves
   882 | D:2      | Reached skill level 1 in Slings
   882 | D:2      | Reached skill level 1 in Bows
   882 | D:2      | Reached skill level 1 in Crossbows
   882 | D:2      | Reached skill level 1 in Armour
   882 | D:2      | Reached skill level 1 in Dodging
   882 | D:2      | Reached skill level 1 in Stealth
   882 | D:2      | Reached skill level 1 in Unarmed Combat
   882 | D:2      | Reached skill level 1 in Evocations
   907 | D:2      | Found a transporter.
   907 | D:2      | Noticed an ogre
   909 | D:2      | Noticed an ogre
   933 | D:2      | Found a blossoming altar of Fedhas.
   973 | D:2      | Reached XP level 4. HP: 46/48 MP: 11/11
   986 | D:2      | Reached skill level 1 in Conjurations
   986 | D:2      | Reached skill level 1 in Hexes
   986 | D:2      | Reached skill level 1 in Charms
   986 | D:2      | Reached skill level 1 in Summonings
   986 | D:2      | Reached skill level 1 in Necromancy
   986 | D:2      | Reached skill level 1 in Translocations
   986 | D:2      | Reached skill level 1 in Transmutations
   986 | D:2      | Reached skill level 1 in Fire Magic
   986 | D:2      | Reached skill level 1 in Ice Magic
   986 | D:2      | Reached skill level 1 in Air Magic
   986 | D:2      | Reached skill level 1 in Poison Magic
  1050 | D:2      | Noticed a bullfrog
  1060 | D:2      | Killed a bullfrog
  1060 | D:2      | Reached XP level 5. HP: 50/54 MP: 12/12
  1244 | D:2      | Found a snail-covered altar of Cheibriados.
  1248 | D:2      | Found a glowing golden altar of the Shining One.
  1293 | D:3      | Noticed Terence
  1299 | D:3      | Killed Terence
  1436 | D:3      | Reached XP level 6. HP: 61/61 MP: 13/13
  1450 | D:3      | Learned a level 3 spell: Stone Arrow
  1478 | D:3      | Noticed nuthulu's ghost (amateur GrFi)
  2062 | D:4      | Noticed Eustachio
  2078 | D:4      | Killed Eustachio
  2087 | D:4      | Reached XP level 7. HP: 67/67 MP: 15/15
  2167 | D:4      | Found an ancient bone altar of Kikubaaqudgha.
  2172 | D:4      | Learned a level 1 spell: Corona
  2175 | D:4      | Learned a level 2 spell: Ensorcelled Hibernation
  2351 | D:4      | Found a glowing drain.
  2482 | Sewer    | Entered a sewer
  3046 | Sewer    | Reached XP level 8. HP: 67/74 MP: 16/16
  3598 | D:3      | Killed nuthulu's ghost
  4151 | D:5      | Entered Level 5 of the Dungeon
  4197 | D:5      | Reached skill level 11 in Fighting
  4197 | D:5      | Reached XP level 9. HP: 44/81 MP: 18/18
  4394 | D:5      | Found a shattered altar of Ashenzari.
  4787 | D:6      | Noticed xccam's ghost (novice DrBe)
  4824 | D:6      | Noticed Grinder
  4838 | D:5      | Killed Grinder
  5362 | D:6      | Reached skill level 5 in Throwing
  5362 | D:6      | Reached skill level 5 in Shields
  5406 | D:6      | Found a sand-covered staircase.
  5412 | Ossuary  | Entered an ossuary
  5865 | D:6      | Noticed Menkaure
  6784 | D:6      | Killed xccam's ghost
  6784 | D:6      | Reached skill level 5 in Invocations
  7318 | D:6      | Reached XP level 10. HP: 88/88 MP: 20/20
  8212 | D:7      | Noticed vatarom's ghost (novice DsFE)
  8238 | D:7      | Found a staircase to the Ecumenical Temple.
  8247 | Temple   | Entered the Ecumenical Temple
  8372 | D:7      | Reached skill level 5 in Short Blades
  8372 | D:7      | Reached skill level 5 in Long Blades
  8372 | D:7      | Reached skill level 5 in Axes
  8372 | D:7      | Reached skill level 5 in Maces & Flails
  8372 | D:7      | Reached skill level 5 in Polearms
  8372 | D:7      | Reached skill level 5 in Staves
  8372 | D:7      | Reached skill level 5 in Slings
  8372 | D:7      | Reached skill level 5 in Bows
  8372 | D:7      | Reached skill level 5 in Crossbows
  8372 | D:7      | Reached skill level 5 in Armour
  8372 | D:7      | Reached skill level 5 in Dodging
  8372 | D:7      | Reached skill level 5 in Stealth
  8372 | D:7      | Reached skill level 5 in Unarmed Combat
  8372 | D:7      | Reached skill level 5 in Evocations
  8845 | D:7      | You fall through a shaft for 3 floors!
  8845 | D:10     | Entered Level 10 of the Dungeon
  8917 | D:10     | Reached skill level 5 in Earth Magic
  9099 | D:10     | Learned a level 3 spell: Confuse
  9103 | D:10     | Learned a level 3 spell: Tukima's Dance
  9123 | D:10     | Found a staircase to the Lair.
  9174 | D:10     | Noticed a two-headed ogre
  9188 | D:10     | Killed a two-headed ogre
  9346 | D:10     | Reached XP level 11. HP: 46/95 MP: 22/22
  9617 | D:10     | Noticed a two-headed ogre
  9632 | D:10     | Killed a two-headed ogre
 10261 | D:10     | Reached skill level 5 in Conjurations
 10261 | D:10     | Reached skill level 5 in Hexes
 10261 | D:10     | Reached skill level 5 in Charms
 10261 | D:10     | Reached skill level 5 in Summonings
 10261 | D:10     | Reached skill level 5 in Necromancy
 10261 | D:10     | Reached skill level 5 in Translocations
 10261 | D:10     | Reached skill level 5 in Transmutations
 10261 | D:10     | Reached skill level 5 in Fire Magic
 10261 | D:10     | Reached skill level 5 in Ice Magic
 10261 | D:10     | Reached skill level 5 in Air Magic
 10261 | D:10     | Reached skill level 5 in Poison Magic
 10426 | D:10     | Noticed an eight-headed hydra
 10452 | D:10     | Killed an eight-headed hydra
 10903 | D:10     | Got a smoking sapphire amulet
 10908 | D:10     | Identified the amulet "Pakkec" {-Tele MR+ Regen+ Slay+4} (You took it off an orc on level 10 of the Dungeon)
 11481 | D:9      | Found an opulent altar of Gozag.
 11503 | D:9      | Found a staircase to the Orcish Mines.
 11529 | D:9      | Became a worshipper of Gozag Ym Sagoz the Greedy
 11609 | D:9      | Noticed Maurice
 11609 | D:9      | Noticed a two-headed ogre
 11643 | D:9      | Killed a two-headed ogre
 11671 | D:9      | Noticed Monsterracer's ghost (novice OpMo)
 11673 | D:9      | Killed Maurice
 11724 | D:8      | Learned a level 3 spell: Conjure Flame
 11727 | D:8      | Learned a level 2 spell: Blink
 11806 | D:8      | Noticed a two-headed ogre
 11819 | D:8      | Killed a two-headed ogre
 11819 | D:8      | Reached skill level 12 in Fighting
 11878 | D:8      | Found a burning altar of Makhleb.
 12337 | D:8      | Found a hazy altar of Hepliaklqana.
 12362 | D:8      | Noticed xccam's ghost (novice FoFi)
 12390 | D:8      | Killed xccam's ghost
 12598 | D:9      | Killed Monsterracer's ghost
 12609 | D:9      | Reached XP level 12. HP: 102/102 MP: 24/24
 12651 | D:9      | Found an iron altar of Okawaru.
 12656 | D:9      | Noticed Psyche
 12667 | D:9      | Killed Psyche
 13019 | D:10     | Got shimmering acid dragon scales
 13030 | D:10     | Identified the +4 acid dragon scales "Dyevvowu" {rElec rCorr Int+2} (You took it off an orc warrior on level 10 of the Dungeon)
 13655 | D:7      | Killed vatarom's ghost
 13787 | D:10     | Found Edatom's Assorted Antiques.
 13793 | D:10     | Bought a scroll of identify for 46 gold pieces
 13793 | D:10     | Bought a scroll of identify for 46 gold pieces
 13793 | D:10     | Bought a potion of agility for 92 gold pieces
 13793 | D:10     | Bought a scroll of identify for 46 gold pieces
 13793 | D:10     | Bought a potion of agility for 92 gold pieces
 13793 | D:10     | Bought a scroll of identify for 46 gold pieces
 14239 | Lair:1   | Entered Level 1 of the Lair of Beasts
 15226 | Lair:2   | Found a staircase to the Snake Pit.
 15379 | Lair:2   | Found a staircase to the Swamp.
 16601 | Lair:3   | Reached XP level 13. HP: 83/109 MP: 26/26
 17157 | Lair:4   | Noticed Sonja
 17168 | Lair:4   | Killed Sonja
 18177 | Lair:5   | Bought a jewelled cloak for 332 gold pieces
 18177 | Lair:5   | Bought a shiny buckler for 262 gold pieces
 18189 | Lair:5   | Learned a level 3 spell: Mephitic Cloud
 18195 | Lair:5   | Learned a level 5 spell: Bolt of Magma
 18203 | Lair:5   | Learned a level 6 spell: Iron Shot
 18215 | Lair:5   | Identified the cursed +0 cloak of Wauditen {+Fly MR+} (You bought it in a shop on level 5 of the Lair of Beasts)
 18889 | Lair:5   | Bought a pair of glowing boots for 262 gold pieces
 18932 | Lair:6   | Entered Level 6 of the Lair of Beasts
 19065 | Lair:6   | Noticed Nessos
 19183 | Lair:6   | Noticed Snorg
 19438 | Lair:6   | Reached skill level 10 in Stealth
 19690 | Lair:6   | Killed Snorg
 19895 | Lair:6   | Killed Nessos
 19895 | Lair:6   | Reached skill level 13 in Fighting
 19907 | Lair:6   | Found a staircase to the Slime Pits.
 19956 | Lair:6   | Reached skill level 10 in Spellcasting
 20085 | Lair:6   | Found a shadowy altar of Dithmenos.
 20136 | Lair:6   | Reached XP level 14. HP: 95/118 MP: 28/28
 20302 | Lair:5   | Bought an ancient chain mail for 332 gold pieces
 20312 | Lair:5   | Identified the cursed +1 chain mail "Ycrurino" {+Fly rElec rPois Slay-6} (You bought it in a shop on level 5 of the Lair of Beasts)
 20628 | Lair:6   | Identified Nubomn's Almanac of the Frostbite and Transmutation
 21470 | D:11     | Found Muevive Ilixt's Antique Artefacts.
 21499 | D:11     | Bought a twitching bone ring for 135 gold pieces
 21499 | D:11     | Bought an ichor-stained helmet for 256 gold pieces
 21499 | D:11     | Bought a fine ring mail for 243 gold pieces
 21499 | D:11     | Bought a brightly glowing ring mail for 243 gold pieces
 21500 | D:11     | Identified the ring "Lihuish" {+Inv MP+9 Dex+4} (You bought it in a shop on level 11 of the Dungeon)
 21517 | D:11     | Identified the +3 helmet "Affewil" {rF- rC- rCorr Dex+8} (You bought it in a shop on level 11 of the Dungeon)
 21538 | D:11     | Identified the +3 ring mail "Esusheff" {rC+} (You bought it in a shop on level 11 of the Dungeon)
 21550 | D:11     | Identified the cursed +0 ring mail of True Grit {rPois Str+4} (You bought it in a shop on level 11 of the Dungeon)
 21881 | D:12     | Found Kooblec's Jewellery Boutique.
 22233 | D:11     | Bought a fine dagger for 189 gold pieces
 22233 | D:11     | Identified the +9 dagger of Bread {pierce, rC+++ rN++ Str-2} (You bought it in a shop on level 11 of the Dungeon)
 22616 | Lair:5   | Learned a level 2 spell: Ensorcelled Hibernation
 23183 | D:13     | Gained mutation: You are partially covered in yellow scales. (AC +2) [potion of mutation]
 23183 | D:13     | Gained mutation: You do not regenerate when monsters are visible. [potion of mutation]
 23183 | D:13     | Gained mutation: You have a somewhat thin skeletal structure. (Dex +2, Stealth) [potion of mutation]
 23184 | D:13     | Lost mutation: You do not regenerate when monsters are visible. [potion of mutation]
 23184 | D:13     | Lost mutation: You have a somewhat thin skeletal structure. (Dex +2, Stealth) [potion of mutation]
 23184 | D:13     | Gained mutation: You tend to lose your temper in combat. [potion of mutation]
 23184 | D:13     | Gained mutation: You passively map a small area around you. [potion of mutation]
 23184 | D:13     | Gained mutation: You are agile. (Dex +2) [potion of mutation]
 23513 | D:13     | Found an iron altar of Okawaru.
 24189 | D:14     | Reached skill level 10 in Invocations
 24200 | D:14     | Found a frozen archway.
 24225 | IceCv    | Entered an ice cave
 24558 | IceCv    | Identified the ring of Junuh {rPois EV+2 Str+4 Int-3 Stlth+} (You found it in an ice cave)
 24566 | IceCv    | Got a crude diamond amulet
 24625 | IceCv    | Identified the amulet of Syjaxoma {Reflect Fragile rF++ SH+3} (You found it in an ice cave)
 25001 | D:14     | Noticed Azrael
 25040 | D:14     | Killed Azrael
 25114 | D:14     | Reached XP level 15. HP: 124/124 MP: 29/29
 25116 | D:14     | Found a gate to the Vaults.
 25242 | D:14     | Reached skill level 10 in Throwing
 25242 | D:14     | Reached skill level 10 in Shields
 25515 | D:15     | Entered Level 15 of the Dungeon
 25617 | D:15     | Got a smoking scale mail
 25628 | D:15     | Identified the +6 scale mail "Geal" {rElec Int+3} (You found it on level 15 of the Dungeon)
 25861 | D:15     | Found a staircase to the Depths.
 26035 | D:15     | Found a shadowy altar of Dithmenos.
 26249 | D:15     | Reached skill level 10 in Short Blades
 26249 | D:15     | Reached skill level 10 in Long Blades
 26249 | D:15     | Reached skill level 10 in Axes
 26249 | D:15     | Reached skill level 10 in Maces & Flails
 26249 | D:15     | Reached skill level 10 in Polearms
 26249 | D:15     | Reached skill level 10 in Staves
 26249 | D:15     | Reached skill level 10 in Slings
 26249 | D:15     | Reached skill level 10 in Bows
 26249 | D:15     | Reached skill level 10 in Crossbows
 26249 | D:15     | Reached skill level 10 in Armour
 26249 | D:15     | Reached skill level 10 in Dodging
 26249 | D:15     | Reached skill level 10 in Unarmed Combat
 26249 | D:15     | Reached skill level 10 in Evocations
 26835 | Orc:1    | Entered Level 1 of the Orcish Mines
 27104 | Orc:2    | Entered Level 2 of the Orcish Mines
 27486 | Orc:2    | Found a staircase to the Elven Halls.
 27571 | Orc:2    | Paralysed by an orc sorcerer for 3 turns
 27641 | Orc:2    | Learned a level 4 spell: Passage of Golubria
 27877 | Orc:2    | Found a roughly hewn altar of Beogh.
 27980 | Orc:2    | Found Vyehesim's Magic Scroll Emporium.
 27988 | Orc:2    | Bought a scroll of blinking for 90 gold pieces
 27988 | Orc:2    | Bought a scroll of identify for 24 gold pieces
 27988 | Orc:2    | Bought a scroll of remove curse for 36 gold pieces
 27988 | Orc:2    | Bought a scroll of remove curse for 36 gold pieces
 27988 | Orc:2    | Bought a scroll of remove curse for 36 gold pieces
 28000 | Orc:2    | Found Gontoihy's Antique Weapon Shoppe.
 28304 | Orc:2    | Noticed Josephine
 28305 | Orc:2    | Noticed an orc warlord
 28333 | Orc:2    | Killed Josephine
 28335 | Orc:2    | Reached skill level 14 in Fighting
 28357 | Orc:2    | Killed an orc warlord
 28357 | Orc:2    | Reached XP level 16. HP: 89/133 MP: 28/31
 28501 | Orc:2    | Found a roughly hewn altar of Beogh.
 28518 | Orc:2    | Found Siaff's Jewellery Shoppe.
 28594 | Orc:2    | Found Arrecwa's Antique Armour Shop.
 29001 | Orc:2    | Bought a jewelled quarterstaff for 171 gold pieces
 29001 | Orc:2    | Bought a crystal flail for 161 gold pieces
 29001 | Orc:2    | Bought an ancient rapier for 171 gold pieces
 29001 | Orc:2    | Bought an iridescent long sword for 161 gold pieces
 29001 | Orc:2    | Identified the cursed +0 flail of Zogasith {pain, +Inv rC+ rN+ Dex+3} (You bought it in a shop on level 2 of the Orcish Mines)
 29004 | Orc:2    | Identified the +4 rapier "Lesuorr" {flame, rC+ Int+7 Dex-2} (You bought it in a shop on level 2 of the Orcish Mines)
 29007 | Orc:2    | Identified the +6 long sword of the Assorted Coins {protect, rF+ rC- rN+ SInv} (You bought it in a shop on level 2 of the Orcish Mines)
 29010 | Orc:2    | Identified the +12 quarterstaff "Soin" {protect, rN+} (You bought it in a shop on level 2 of the Orcish Mines)
 29460 | Swamp:1  | Entered Level 1 of the Swamp
 31405 | Swamp:3  | Lost mutation: You tend to lose your temper in combat. [potion of mutation]
 31405 | Swamp:3  | Lost mutation: You are agile. (Dex +2) [potion of mutation]
 31405 | Swamp:3  | Lost mutation: You passively map a small area around you. [potion of mutation]
 31405 | Swamp:3  | Gained mutation: Your flesh is cold resistant. (rC+) [potion of mutation]
 31405 | Swamp:3  | Gained mutation: You can translocate small distances at will. [potion of mutation]
 31405 | Swamp:3  | Gained mutation: Your flesh is very cold resistant. (rC++) [potion of mutation]
 32225 | Swamp:4  | Entered Level 4 of the Swamp
 32787 | Swamp:4  | Noticed the 27-headed Lernaean hydra
 32787 | Swamp:4  | Reached XP level 17. HP: 140/140 MP: 33/33
 32799 | Swamp:4  | Killed the 27-headed Lernaean hydra
 33130 | Swamp:4  | Got a decaying rune of Zot
 33775 | Snake:1  | Entered Level 1 of the Snake Pit
 34301 | Snake:1  | Bought the ring of Ucrel {rPois rF- rC+ Int+6 Slay+5} for 816 gold pieces
 34301 | Snake:1  | Bought the ring of Phasing {EV+8} for 1664 gold pieces
 34301 | Snake:1  | Found the ring of Phasing {EV+8}
 34448 | Snake:1  | Reached skill level 10 in Earth Magic
 34615 | Snake:1  | Noticed Rupert
 34632 | Snake:1  | Noticed Roxanne
 34638 | Snake:1  | Killed Rupert
 34664 | Snake:1  | Noticed Aizul
 35176 | Snake:1  | Killed Aizul
 35443 | Snake:2  | Identified the cursed +1 ring mail of Wyheon {rPois Int+8} (You found it on level 2 of the Snake Pit)
 37098 | Snake:3  | Reached skill level 10 in Conjurations
 37098 | Snake:3  | Reached skill level 10 in Hexes
 37098 | Snake:3  | Reached skill level 10 in Charms
 37098 | Snake:3  | Reached skill level 10 in Summonings
 37098 | Snake:3  | Reached skill level 10 in Necromancy
 37098 | Snake:3  | Reached skill level 10 in Translocations
 37098 | Snake:3  | Reached skill level 10 in Transmutations
 37098 | Snake:3  | Reached skill level 10 in Fire Magic
 37098 | Snake:3  | Reached skill level 10 in Ice Magic
 37098 | Snake:3  | Reached skill level 10 in Air Magic
 37098 | Snake:3  | Reached skill level 10 in Poison Magic
 37180 | Snake:3  | Reached XP level 18. HP: 143/148 MP: 34/34
 37327 | Snake:3  | Reached skill level 15 in Fighting
 38185 | Snake:4  | Entered Level 4 of the Snake Pit
 38431 | Snake:4  | Found Umiplig's Distillery.
 38435 | Snake:4  | Found Tuifod's Jewellery Shoppe.
 38436 | Snake:4  | Found Yhaim's Gadget Emporium.
 38447 | Snake:4  | Bought a potion of agility for 76 gold pieces
 38447 | Snake:4  | Bought a potion of curing for 57 gold pieces
 38447 | Snake:4  | Bought a potion of resistance for 190 gold pieces
 38447 | Snake:4  | Bought a potion of heal wounds for 95 gold pieces
 38453 | Snake:4  | Bought the ring of Fuweymnofu {rF+ Str+5 Dex+4 Stlth+} for 923 gold pieces
 38789 | Snake:4  | Found Dupyboec's Gadget Boutique.
 38805 | Snake:4  | Bought a wand of clouds (2) for 288 gold pieces
 40714 | Snake:4  | Got a serpentine rune of Zot
 41143 | Vaults:1 | Entered Level 1 of the Vaults
 41178 | Vaults:1 | Learned a level 2 spell: Swiftness
 41246 | Vaults:1 | Reached XP level 19. HP: 126/155 MP: 36/36
 41729 | Slime:1  | Entered Level 1 of the Pits of Slime
 41861 | Slime:5  | Entered Level 5 of the Pits of Slime
 41896 | Slime:5  | Found the cursed +14 obsidian axe {chop, +Fly SInv *Curse}
 41898 | Slime:5  | Found a viscous altar of Jiyva.
 41900 | Slime:5  | Noticed the Royal Jelly
 42457 | Slime:3  | Gained mutation: You are frail. (-10% HP) [a shining eye]
 42461 | Slime:3  | Gained mutation: Armour fits poorly on your strangely shaped body. [a shining eye]
 42466 | Slime:3  | Gained mutation: You are clumsy. (Dex -2) [a shining eye]
 42467 | Slime:3  | Gained mutation: You are very clumsy. (Dex -4) [a shining eye]
 42470 | Slime:2  | Paralysed by a great orb of eyes for 7 turns
 42484 | Slime:1  | Paralysed by a great orb of eyes for 4 turns
 44118 | Vaults:1 | Identified the +0 leather armour of the Thunderstorm {*Corrode Str+4 Dex+4} (You found it on level 1 of the Vaults)
 44694 | Vaults:1 | Reached XP level 20. HP: 147/147 MP: 14/37
 45350 | Vaults:2 | Identified the +4 long sword of Voemis {freeze, rPois rC+ MR- Str+4} (You found it on level 2 of the Vaults)
 45498 | Vaults:2 | Found a staircase to the Crypt.
 45785 | Vaults:2 | Reached skill level 16 in Fighting
 45881 | Vaults:2 | Found a radiant altar of Vehumet.
 45881 | Vaults:2 | Noticed a lich
 46386 | Vaults:2 | Identified a scroll of acquirement
 46554 | Vaults:2 | Found a flickering gateway to a bazaar.
 46855 | Vaults:2 | Killed a lich
 46876 | Vaults:2 | Killed from afar by a tengu reaver

Skill      XL: |  1  2  3  4  5  6  7  8  9 10 11 12 13 14 15 16 17 18 19 20 |
---------------+-------------------------------------------------------------+-----
Fighting       | 11 12 13 14 15 16 | 16.0
Earth Magic    | 2 3 4 5 6 7 8 9 10 11 | 11.5
Spellcasting   | 5 6 7 8 9 10 11 12 13 14 | 14.0
Invocations    | 1 2 3 4 5 6 7 8 9 10 11 12 13 14 | 14.2
Short Blades   | 1 2 3 4 5 6 7 8 9 10 11 12 13 | 13.2
Long Blades    | 1 2 3 4 5 6 7 8 9 10 11 12 13 | 13.2
Axes           | 1 2 3 4 5 6 7 8 9 10 11 12 13 | 13.2
Maces & Flails | 1 2 3 4 5 6 7 8 9 10 11 12 13 | 13.2
Polearms       | 1 2 3 4 5 6 7 8 9 10 11 12 13 | 13.2
Staves         | 1 2 3 4 5 6 7 8 9 10 11 12 13 | 13.2
Slings         | 1 2 3 4 5 6 7 8 9 10 11 12 13 | 13.2
Bows           | 1 2 3 4 5 6 7 8 9 10 11 12 13 | 13.2
Crossbows      | 1 2 3 4 5 6 7 8 9 10 11 12 13 | 13.2
Armour         | 1 2 3 4 5 6 7 8 9 10 11 12 13 | 13.2
Dodging        | 1 2 3 4 5 6 7 8 9 10 11 12 13 | 13.2
Stealth        | 1 2 3 4 5 7 8 10 11 12 13 14 | 14.3
Unarmed Combat | 1 2 3 4 5 6 7 8 9 10 11 12 13 | 13.2
Evocations     | 1 2 3 4 5 6 7 8 9 10 11 12 13 | 13.2
Conjurations   | 1 2 3 4 5 6 7 8 9 10 11 | 11.3
Hexes          | 1 2 3 4 5 6 7 8 9 10 11 | 11.3
Charms         | 1 2 3 4 5 6 7 8 9 10 11 | 11.3
Summonings     | 1 2 3 4 5 6 7 8 9 10 11 | 11.3
Necromancy     | 1 2 3 4 5 6 7 8 9 10 11 | 11.3
Translocations | 1 2 3 4 5 6 7 8 9 10 11 | 11.3
Transmutations | 1 2 3 4 5 6 7 8 9 10 11 | 11.3
Fire Magic     | 1 2 3 4 5 6 7 8 9 10 11 | 11.3
Ice Magic      | 1 2 3 4 5 6 7 8 9 10 11 | 11.3
Air Magic      | 1 2 3 4 5 6 7 8 9 10 11 | 11.3
Poison Magic   | 1 2 3 4 5 6 7 8 9 10 11 | 11.3
Throwing       | 3 4 5 6 7 8 9 10 11 12 13 | 13.4
Shields        | 3 4 5 6 7 8 9 10 11 12 13 | 13.4

Action                   |  1- 3 |  4- 6 |  7- 9 | 10-12 | 13-15 | 16-18 | 19-21 || total
-------------------------+-------+-------+-------+-------+-------+-------+-------++-------
Melee: Spear             |    91 |    24 |       |       |       |       |       ||   115
       Bite              |     6 |    11 |    70 |   141 |   373 |   394 |   169 ||  1164
       Trident           |       |   105 |   751 |   997 |   823 |       |       ||  2676
       Punch             |       |     2 |    11 |    36 |     3 |       |       ||    52
       War axe           |       |       |       |    33 |       |       |       ||    33
       Dagger            |       |       |       |       |  1154 |  1961 |   793 ||  3908
Throw: Throwing net      |       |       |     3 |       |       |       |       ||     3
 Cast: Corona            |       |       |     7 |     4 |     8 |     7 |     4 ||    30
       Stone Arrow       |       |       |     1 |    14 |     9 |    20 |    59 ||   103
       Tukima's Dance    |       |       |       |    19 |       |       |       ||    19
       Confuse           |       |       |       |       |     6 |     2 |     2 ||    10
       Mephitic Cloud    |       |       |       |       |     3 |     3 |     2 ||     8
       Passage of Golubr |       |       |       |       |     1 |     8 |     4 ||    13
       Ensorcelled Hiber |       |       |       |       |       |    62 |    84 ||   146
       Bolt of Magma     |       |       |       |       |       |     3 |     6 ||     9
       Swiftness         |       |       |       |       |       |       |     4 ||     4
Invok: Call Merchant     |       |       |       |       |     1 |     3 |       ||     4
       Potion Petition   |       |       |       |       |     1 |       |       ||     1
Evoke: Wand              |       |       |       |     5 |    24 |    12 |       ||    41
       Box of beasts     |       |       |       |       |       |     5 |       ||     5
       Fan of gales      |       |       |       |       |       |     1 |       ||     1
  Use: Scroll            |       |     6 |     6 |    14 |    15 |    12 |     4 ||    57
       Potion            |       |       |     6 |     9 |     7 |     4 |     5 ||    31
 Stab: Invisible         |       |       |     1 |       |       |       |       ||     1
       Distracted        |       |       |       |     7 |    23 |    19 |    12 ||    61
       Sleeping          |       |       |       |     9 |    75 |    62 |    68 ||   214
       Confused          |       |       |       |       |    10 |     7 |     5 ||    22
  Eat: Chunk             |       |     4 |     5 |    14 |       |       |       ||    23
       Ration            |       |       |     4 |     6 |    12 |    13 |     6 ||    41
Armor: Pearl dragon scal |    43 |    58 |   365 |   376 |       |       |       ||   842
       Robe              |     1 |       |       |       |       |       |       ||     1
       Skin              |       |       |    79 |       |       |       |       ||    79
       Acid dragon scale |       |       |       |   183 |   513 |   254 |   154 ||  1104
Dodge: Dodged            |    28 |    76 |   480 |   723 |  1172 |  1014 |   810 ||  4303
Block: Buckler           |       |       |       |       |   705 |   753 |   553 ||  2011
       Reflection        |       |       |       |       |       |    28 |     4 ||    32
